cohdb
Replays
Latest Replays
All Replays
Popular Replays
Top Player Replays
Match Explorer
How It Works
Community
CoH3 Stats
Reddit
Sign in to upload your games and track your stats! →
Sign in with Steam
Match 46317535
Unlisted
Match 46317535
Overview
Messages
Build Orders
End
Construct Infanterie Kompanie
Pioneer Squad
Grenadier Squad
Grenadier Squad
Infanterie Officer Quarters
Grenadier Squad
Construct Panzergrenadier Kompanie
Pak 40 Anti-tank Gun Team
Support Elements
Nebelwerfer 42 Rocket Launcher Team
MG 42 Machine Gun Team
StuG III G Assault Gun
Selects Breakthrough Battlegroup
Selects Assault Grenadiers
Selects Rapid Production
Panzergrenadier Officer Quarters
Panzergrenadier Squad
MG 42 Bunker
Selects Blitzkrieg
Nebelwerfer 42 Rocket Launcher Team
Nebelwerfer 42 Rocket Launcher Team
Medical Station
Side Skirts
StuG III G Assault Gun
StuG III G Assault Gun
乱杀大王
Hu®®ama™
UMirinBrah?
Ghost
0
0
Comments
sign in to comment!
No comments posted yet!